 Dungeon Crawl Stone Soup version 0.17-a0-1691-g18a3847 (webtiles) character file.

39 Gorice the Grave Robber (level 3, 0/26 HPs)
             Began as a Vampire Wanderer on Aug 20, 2015.
             Slain by a gnoll
             ... wielding a +0 whip
              (2 damage)
             ... on level 1 of the Dungeon.
             The game lasted 00:08:56 (1751 turns).

Gorice the Grave Robber (Vampire Wanderer)          Turns: 1751, Time: 00:08:57

Health: 0/26       AC:  6    Str: 10    XL:     3   Next: 26%
Magic:  1/5        EV:  9    Int: 18    God:
Gold:   72         SH:  0    Dex: 11    Spells: 2 memorised, 3 levels left

rFire  . . .     SeeInvis +     d - +0 dagger
rCold  . . .     Clarity  .     b - +1 ring mail
rNeg   + . .     SustAt   .     (no shield)
rPois  .         Gourm    .     (no helmet)
rElec  .         Spirit   .     (no cloak)
rCorr  .         Warding  .     (no gloves)
rMut   .         Stasis   .     (no boots)
MR     .....                    (no amulet)
Stlth  +.........               (no ring)
                                g - ring of flight

@: very slightly contaminated, not resistant to hostile enchantments, very
unstealthy
A: fangs 3, see invisible, unbreathing
a: Bat Form, Evoke Flight


You were on level 1 of the Dungeon.
You were not thirsty.

You visited 1 branch of the dungeon, and saw 2 of its levels.

You collected 72 gold pieces.

Inventory:

Hand weapons
 d - a +0 dagger (weapon)
 f - a +0 trident
Missiles
 h - 15 bolts
 X - 5 tomahawks of dispersal
 Z - 65 stones (quivered)
Armour
 b - a +1 ring mail (worn)
 i - a +0 chain mail
 l - a +0 scale mail
 m - a +0 leather armour
Jewellery
 g - a ring of flight (left hand)
Scrolls
 k - 2 scrolls of blinking {unknown}
 o - a scroll of magic mapping {unknown}
 p - a scroll of remove curse {unknown}
Potions
 c - a potion of lignification {!q}
 e - a potion of haste {unknown}
 j - a potion of agility {unknown}
 n - a potion of degeneration {unknown}
 q - 5 potions of blood
Books
 a - a book of Necromancy


   Skills:
 - Level 1.0 Fighting
 + Level 1.8 Short Blades
   Level 1.5 Crossbows
 - Level 1.5 Armour
 - Level 1.5 Stealth
   Level 1.0 Shields
 + Level 1.7 Spellcasting
 * Level 2.9 Necromancy


You had 3 spell levels left.
You knew the following spells:

 Your Spells              Type           Power        Failure   Level  Hunger
a - Animate Skeleton      Necr           N/A          17%         1    #......
b - Pain                  Necr           ##..         17%         1    #......


Dungeon Overview and Level Annotations

Branches:
Dungeon (2/15)

Altars:
Nemelex Xobeh


Innate Abilities, Weirdness & Mutations

You have razor-sharp teeth.
You have supernaturally acute eyesight.
You can survive without breathing.


Message History

Found a centaur barding.
Found an escape hatch in the floor.
There is a stone staircase leading up here.
Damage: 4 (max 4)
The gnoll hits you. The gnoll hits you with a whip.
The gnoll barely misses you.
You climb upwards.
There is a stone staircase leading down here.
Damage: 3 (max 4)
Casting: Pain
Confirm with . or Enter, or press ? or * to list all spells.
Aiming: Pain
Press: ? - help, Shift-Dir - straight line, f - gnoll
Aim: a gnoll (chance to defeat MR: 73%)
You miscast Pain.
You are very lightly contaminated with residual magic.
The world around you seems to dim momentarily.
The gnoll closely misses you.
Casting: Pain
Confirm with . or Enter, or press ? or * to list all spells.
Aiming: Pain
Press: ? - help, Shift-Dir - straight line, f/p - gnoll
Aim: a gnoll (chance to defeat MR: 73%)
You miscast Pain.
You sense a malignant aura.
The gnoll barely misses you.
Casting: Pain
Confirm with . or Enter, or press ? or * to list all spells.
Aiming: Pain
Press: ? - help, Shift-Dir - straight line, f/p - gnoll
Aim: a gnoll (chance to defeat MR: 73%)
The gnoll convulses in agony!
The gnoll barely misses you.
Damage: 1 (max 4)
Casting: Pain
Confirm with . or Enter, or press ? or * to list all spells.
Aiming: Pain
Press: ? - help, Shift-Dir - straight line, f/p - gnoll
Aim: a gnoll (lightly wounded, chance to defeat MR: 73%)
The gnoll convulses in agony!
The gnoll hits you.
* * * LOW HITPOINT WARNING * * *
Damage: 7 (max 7)
Casting: Pain
Confirm with . or Enter, or press ? or * to list all spells.
Aiming: Pain
Press: ? - help, Shift-Dir - straight line, f/p - gnoll
Aim: a gnoll (severely wounded, chance to defeat MR: 73%)
The gnoll convulses in agony!
You kill the gnoll!
Drink which item? (? for menu, Esc to quit)
Okay, then.
The gnoll barely misses you. The gnoll hits you with a whip.
You die...

#.#.##.#.#.# #Z##Z#
#.#.##.#.#%# #####Z##Z#
#.#.##.#.#.###...Z.##.#
#.#.##.#.#...#.###.##.#
#Z#.##.#.#####.######.##
#.#.##.#...............#
#.#.#..........#########
#.#............#
#............g@#
##############.# #.# ###


You could see a gnoll.

Vanquished Creatures
  An adder (D:2)
  A gnoll (D:1)
  2 bats
  2 giant cockroaches
  5 hobgoblins
  A giant gecko (D:1)
  3 giant newts
  A goblin (D:2)
  2 kobolds (D:1)
  A quokka (D:1)
  2 rats
21 creatures vanquished.

Notes
Turn   | Place    | Note
--------------------------------------------------------------
     0 | D:1      | Gorice the Vampire Wanderer began the quest for the Orb.
     0 | D:1      | Gorice set off with: a book of Necromancy, a +0 ring mail, a potion of lignification {!q}, a +0 dagger, a potion of blood
     0 | D:1      | Reached XP level 1. HP: 15/15 MP: 2/2
     2 | D:1      | Learned a level 1 spell: Animate Skeleton
     4 | D:1      | Learned a level 1 spell: Pain
   359 | D:1      | Found a sparkling altar of Nemelex Xobeh.
   686 | D:1      | Reached XP level 2. HP: 19/21 MP: 4/4
   778 | D:1      | Reached skill level 1 in Short Blades
  1168 | D:2      | Found a faded altar to an unknown god.
  1280 | D:2      | HP: 4/21 [hobgoblin (2)]
  1591 | D:2      | Reached XP level 3. HP: 24/26 MP: 5/5
  1735 | D:1      | HP: 1/26 [gnoll (6)]
  1751 | D:1      | Slain by a gnoll

Vault maps used:
D:1:      dpeg_arrival_boxes_within_box, nemelex_diamond_rough_becter
D:2:      ecumenical_altar_1

Action                   || total
-------------------------++-------
Melee: Dagger            ||    91
 Cast: Pain              ||    24
       Animate Skeleton  ||     3
  Use: Potion            ||     4
       Scroll            ||     3

Table legend:
 A = Turns spent in this place as a percentage of turns spent in the entire game.
 B = Non-inter-level travel turns spent in this place as a percentage of non-inter-level travel turns spent in the entire game.
 C = Inter-level travel turns spent in this place as a percentage of turns spent in this place.
 D = Turns resting spent in this place as a percentage of non-inter-level travel turns spent in this place.
 E = Turns spent auto-exploring this place as a percentage of non-inter-level travel turns spent in this place.
 F = Non-inter-level travel turns spent in this place divided by the number of levels of this place that you've seen.
                   A       B       C       D       E      F
               +-------+-------+-------+-------+-------+----------------------
         Total | 100.0 | 100.0 |   0.9 |   1.7 |   5.1 | 265.0
       Dungeon | 100.0 | 100.0 |   0.9 |   1.7 |   5.1 | 265.0
               +-------+-------+-------+-------+-------+----------------------

Vault maps used:
D:1:      dpeg_arrival_boxes_within_box, nemelex_diamond_rough_becter
D:2:      ecumenical_altar_1
